 Dungeon Crawl Stone Soup version 0.22.2-1-ge965b3a (webtiles) character file.

2971 smallpebble the Cleaver (level 9, -1/75 HPs)
             Began as a Hill Orc Fighter on Mar 30, 2019.
             Killed from afar by an electric eel (2 damage)
             ... with a bolt of electricity
             ... on level 8 of the Dungeon.
             The game lasted 00:45:08 (8128 turns).

smallpebble the Cleaver (Hill Orc Fighter)          Turns: 8128, Time: 00:45:08

Health: -1/75      AC: 14    Str: 20    XL:     9   Next: 82%
Magic:  9/9        EV:  6    Int:  8    God:    Xom [......]
Gold:   377        SH: 12    Dex: 12    Spells: 7/8 levels left

rFire    . . .     SeeInvis +   q - +2 hand axe (chop)
rCold    + . .     Gourm    .   T - +2 shield
rNeg     . . .     Faith    .   V - +2 chain mail of the Several Stories {SInv Stlth+}
rPois    .         Spirit   .   (no helmet)
rElec    .         Reflect  .   N - +0 cloak
rCorr    .         Harm     .   y - +0 pair of gloves
MR       .....                  (no boots)
Stlth    ..........             (no amulet)
HPRegen  0.22/turn              p - ring of see invisible
MPRegen  0.11/turn              n - ring of protection from cold

@: no status effects
A: no striking features
a: Renounce Religion


You were on level 8 of the Dungeon.
You worshipped Xom.
You were a very special plaything of Xom.
You were not hungry.

You visited 2 branches of the dungeon, and saw 9 of its levels.

You collected 377 gold pieces.

Inventory:

Hand Weapons
 a - a +0 long sword
 d - a +3 dire flail of protection
 h - a +1 war axe of freezing
 j - a +1 falchion
 o - a +0 long sword
 q - a +2 hand axe of chopping (weapon)
 u - a +3 quarterstaff of chaos
 z - a +0 scimitar
 B - a +0 hand axe
 J - a +0 glaive
 R - a +0 morningstar
 U - a +0 war axe
Missiles
 E - 6 javelins of penetration (quivered)
Armour
 b - a +0 scale mail
 c - a +0 shield
 s - a +1 plate armour
 v - a +0 cloak
 w - a +0 cloak
 y - a +0 pair of gloves (worn)
 A - a +0 chain mail
 F - a +0 scale mail of poison resistance
 I - a +0 leather armour
 M - a +0 ring mail of cold resistance
 N - a +0 cloak (worn)
 P - a +0 cloak
 Q - a +0 plate armour
 T - a +2 shield (worn)
 V - the +2 chain mail of the Several Stories (worn) {SInv Stlth+}
   (You found it on level 8 of the Dungeon)

   It lets you see invisible.
   It makes you more stealthy.
Jewellery
 n - a ring of protection from cold (right hand)
 p - a ring of see invisible (left hand)
Wands
 t - a wand of iceblast (4)
 G - a wand of scattershot (6)
 H - a wand of acid (15)
Scrolls
 i - 2 scrolls of teleportation
 l - 4 scrolls of remove curse
 m - a scroll of fear
 r - 6 scrolls of identify
 x - a scroll of fog
 K - a scroll of enchant armour
 L - 2 scrolls of magic mapping {unknown}
 O - 3 scrolls of amnesia
Potions
 e - 2 potions of lignification
 g - 2 potions of brilliance
 k - 6 potions of curing
 C - 2 potions of haste
 D - a potion of heal wounds
 S - 2 potions of magic
Comestibles
 f - 9 rations


   Skills:
 - Level 5.8 Fighting
 - Level 4.1 Long Blades
 - Level 12.2 Axes
 - Level 6.5 Armour
 - Level 1.3 Dodging
 + Level 1.5 Stealth
 - Level 5.9 Shields
 - Level 0.3 Spellcasting
 - Level 0.4 Hexes
 - Level 0.2 Evocations


You had 7 spell levels left.
You knew the following spells:

 Your Spells              Type           Power        Failure   Level  Hunger
a - Corona                Hex            #......      100%        1    ##.....

Your spell library contained the following spells:

 Spells                   Type           Power        Failure   Level  Hunger
 Sting                    Conj/Pois      #...         100%        1    ##.....
 Ensorcelled Hibernation  Hex/Ice        #.....       100%        2    ###....
 Poisonous Vapours        Pois/Air       #.....       100%        2    ###....
 Confuse                  Hex            #.......     100%        3    ####...
 Dazzling Spray           Conj/Hex       #.....       100%        3    ####...
 Mephitic Cloud           Conj/Pois/Air  #.......     100%        3    ####...
 Tukima's Dance           Hex            #.......     100%        3    ####...
 Olgreb's Toxic Radiance  Pois           #.......     100%        4    #####..
 Venom Bolt               Conj/Pois      #.........   100%        5    ######.


Dungeon Overview and Level Annotations

Branches:
Dungeon (8/15)             Temple (1/1) D:5            Lair (0/6) D:8

Altars:
Ashenzari
Cheibriados
Dithmenos
Elyvilon
Fedhas
Gozag
Hepliaklqana
Makhleb
Okawaru
Qazlal
Ru
Sif Muna
Trog
Uskayaw
Vehumet
Wu Jian
Xom
Yredelemnul
Zin
The Shining One


Message History

The electric eel is moderately wounded.
The electric eel shoots out a bolt of lightning at you!
The bolt of electricity hits you! x2
Xom thinks this is hilarious!
The bolt of electricity hits the electric eel.
The electric eel completely resists.
The electric eel shoots out a bolt of lightning at you!
The bolt of electricity hits the electric eel.
The electric eel completely resists.
The bolt of electricity hits you!
The electric eel shoots out a bolt of lightning at you!
The bolt of electricity hits you! x2
* * * LOW HITPOINT WARNING * * *
The bolt of electricity hits the electric eel.
The electric eel completely resists.
The electric eel shoots out a bolt of lightning at you!
The bolt of electricity hits you!
* * * LOW HITPOINT WARNING * * *
Xom roars with laughter!
The bolt of electricity hits you!
You die...

####### ≈##
###≈≈≈≈≈≈≈ ≈≈#
##≈≈;≈;≈≈≈≈
#.####@#≈≈≈≈≈≈≈≈
#....######≈≈≈≈
#....# ≈≈≈
#....# ≈ #....#
##''## #..#
#####'###
##≈≈.....###


You could see 2 electric eels.

Vanquished Creatures
  Pikel (D:4)
  Joseph (D:7)
  Edmund (D:5)
  A sky beast (D:6)
  3 orc warriors
  An ice beast (D:5)
  A slave (D:2)
  2 ogres
  3 centaurs
  Blork the orc (D:5)
  2 scorpions
  2 electric eels (D:8)
  A howler monkey (D:6)
  2 crimson imps
  Crazy Yiuf (D:3)
  A centaur skeleton (D:7)
  A hound (D:5)
  2 jellies (D:5)
  An orc wizard (D:7)
  3 iguanas
  3 worker ants
  A killer bee zombie (D:7)
  2 hound zombies
  A hound skeleton (D:7)
  A worker ant zombie (D:5)
  8 gnolls
  12 adders
  3 river rats (D:4)
  2 shadow imps (D:5)
  An ooze (D:3)
  10 worms
  2 dart slugs (D:1)
  3 leopard geckos
  14 orcs
  6 giant cockroaches
  9 goblins
  9 hobgoblins
  5 jackals
  2 quokkas
  2 ball pythons
  3 bats
  7 frilled lizards
  6 kobolds
  A quokka zombie (D:5)
  12 rats
156 creatures vanquished.

Vanquished Creatures (collateral kills)
  A gnoll sergeant (D:7)
  2 orc priests (D:7)
3 creatures vanquished.

Vanquished Creatures (others)
  An orc (D:4)
1 creature vanquished.

Grand Total: 160 creatures vanquished

Notes
Turn   | Place    | Note
-------+----------+-------------------------------------------
     0 | D:1      | smallpebble the Hill Orc Fighter began the quest for the
                  | Orb.
     0 | D:1      | Reached XP level 1. HP: 19/19 MP: 1/1
    75 | D:1      | Reached XP level 2. HP: 25/27 MP: 2/2
   258 | D:1      | Reached XP level 3. HP: 19/33 MP: 3/3
   982 | D:2      | Reached XP level 4. HP: 40/40 MP: 4/4
  2202 | D:3      | Reached XP level 5. HP: 47/47 MP: 5/5
  2764 | D:3      | Found a hazy altar of Hepliaklqana.
  2912 | D:3      | Found a burning altar of Makhleb.
  3021 | D:3      | Reached skill level 1 in Axes
  3156 | D:3      | Found a runed door.
  3160 | D:3      | Noticed Crazy Yiuf
  3165 | D:3      | Killed Crazy Yiuf
  3165 | D:3      | Reached skill level 2 in Axes
  3562 | D:3      | Found a blossoming altar of Fedhas.
  3704 | D:4      | Noticed an ogre
  3715 | D:4      | Killed an ogre
  3715 | D:4      | Reached skill level 4 in Axes
  3715 | D:4      | Reached XP level 6. HP: 39/53 MP: 6/6
  3786 | D:4      | Reached skill level 5 in Axes
  3833 | D:4      | Noticed a slave
  3833 | D:4      | Noticed a slave
  3833 | D:4      | Noticed a slave
  3834 | D:4      | Noticed Pikel
  3834 | D:4      | Noticed a slave
  3982 | D:2      | Killed a slave
  4214 | D:4      | Killed Pikel
  4214 | D:4      | Reached skill level 8 in Axes
  4214 | D:4      | Reached XP level 7. HP: 47/60 MP: 7/7
  4333 | D:4      | Reached skill level 9 in Axes
  4372 | D:4      | Reached XP level 8. HP: 63/67 MP: 8/8
  4867 | D:5      | Entered Level 5 of the Dungeon
  4876 | D:5      | Learned a level 1 spell: Corona
  4999 | D:5      | Found a shimmering altar of Xom.
  5002 | D:5      | Noticed Edmund
  5057 | D:5      | Killed Edmund
  5057 | D:5      | Reached skill level 10 in Axes
  5062 | D:5      | Became a worshipper of Xom of Chaos
  5095 | D:5      | XOM: harmless Tloc miscast
  5126 | D:5      | XOM: potion effect (might)
  5212 | D:5      | Found a staircase to the Ecumenical Temple.
  5223 | Temple   | Entered the Ecumenical Temple
  5363 | D:5      | XOM: potion effect (curing)
  5413 | D:5      | Noticed Blork the orc
  5423 | D:5      | Killed Blork the orc
  5423 | D:5      | Reached skill level 11 in Axes
  5568 | D:5      | XOM: silly message
  5618 | D:5      | XOM is BORED!
  5618 | D:5      | XOM: polymorph quokka -> adder
  5898 | D:6      | Reached skill level 5 in Fighting
  5908 | D:6      | Reached skill level 5 in Armour
  5933 | D:6      | Reached skill level 5 in Shields
  5933 | D:6      | Reached XP level 9. HP: 67/74 MP: 9/9
  6081 | D:6      | XOM: god gift: ration
  6231 | D:6      | Found a shadowy altar of Dithmenos.
  6261 | D:6      | XOM: god gift: leather armour {god gift}
  6440 | D:6      | XOM: cloud trail
  6455 | D:6      | XOM: silly message
  6514 | D:7      | XOM: enchant monster (good)
  7217 | D:7      | XOM: enchant monster (good)
  7493 | D:7      | Noticed Joseph
  7500 | D:7      | Killed Joseph
  7500 | D:7      | Reached skill level 12 in Axes
  7500 | D:7      | Reached skill level 1 in Dodging
  7788 | D:7      | XOM: summons friendly quasit
  7826 | D:7      | XOM is BORED!
  7826 | D:7      | XOM: mild Erth miscast
  7885 | D:8      | Found a staircase to the Lair.
  7987 | D:8      | XOM: silly message
  8001 | D:8      | Got a warped chain mail
  8012 | D:8      | Identified the +2 chain mail of the Several Stories {SInv
                  | Stlth+} (You found it on level 8 of the Dungeon)
  8087 | D:8      | XOM: swap monsters
  8097 | D:8      | Reached skill level 1 in Stealth
  8128 | D:8      | HP: 1/75 [electric eel/bolt of electricity (14)]
  8128 | D:8      | Killed from afar by an electric eel

Skill      XL: |  1  2  3  4  5  6  7  8  9 |
---------------+----------------------------+-----
Fighting       | 4 5 |  5.8
Long Blades    | 3 4 |  4.1
Armour         | 4 5 6 |  6.5
Shields        | 4 5 |  5.9
Axes           | 4 8 9 11 12 | 12.2
Dodging        | 1 |  1.3
Stealth        | 1 |  1.5
Spellcasting   | |  0.3
Hexes          | |  0.4
Evocations     | |  0.2

Action                   |  1- 3 |  4- 6 |  7- 9 || total
-------------------------+-------+-------+-------++-------
Melee: Long sword        |   122 |   109 |       ||   231
       Hand axe          |       |    88 |   403 ||   491
       War axe           |       |    30 |       ||    30
       Falchion          |       |    11 |       ||    11
       Scimitar          |       |       |     5 ||     5
Evoke: Wand              |       |       |     3 ||     3
  Use: Potion            |       |     8 |     3 ||    11
       Scroll            |       |     6 |     3 ||     9
 Stab: Distracted        |       |       |     1 ||     1
  Eat: Chunk             |       |     2 |     3 ||     5
       Ration            |       |     3 |     3 ||     6
Armor: Scale mail        |    30 |    61 |    38 ||   129
       Plate armour      |       |    37 |    85 ||   122
       Chain mail        |       |       |     2 ||     2
Dodge: Dodged            |    43 |    57 |    69 ||   169
Block: Shield            |    64 |   127 |   167 ||   358
       Rpst.: Long sword |    15 |     7 |       ||    22
